 Dungeon Crawl Stone Soup version 0.23.2-40-g277498a001 (webtiles) character file.

Game seed: 14280371014498611856

15594 Curus the Martial Artist (level 12, -6/76 HPs)
             Began as a Merfolk Transmuter on Sept 24, 2019.
             Was a High Priest of Okawaru.
             Mangled by an elephant (19 damage)
             ... on level 11 of the Dungeon.
             The game lasted 01:02:08 (11232 turns).

Curus the Martial Artist (Merfolk Transmuter)      Turns: 11232, Time: 01:02:08

Health: -6/76      AC:  5    Str: 11    XL:     12   Next: 28%
Magic:  9/16       EV: 24    Int: 17    God:    Okawaru [*****.]
Gold:   841        SH:  4    Dex: 14    Spells: 4/17 levels left

rFire    + . .     SeeInvis .     - Unarmed
rCold    + . .     Gourm    .   (shield currently unavailable)
rNeg     + . .     Faith    .   j - +2 robe {rN+}
rPois    .         Spirit   .   A - +1 hat
rElec    +         Reflect  +   C - scarf {rC+ rF+}
rCorr    .         Harm     .   (gloves currently unavailable)
MR       .....                  (no boots)
Stlth    +++.......             x - +4 amulet of reflection
HPRegen  0.22/turn              g - ring of flight
MPRegen  0.15/turn              (no ring)

@: blade hands, heroism
A: change form in water, swift swim, stealthy swim, fangs 1, electricity
resistance
a: End Transformation, Heroism, Finesse, Renounce Religion, Evoke Flight


You were on level 11 of the Dungeon.
You worshipped Okawaru.
Okawaru was extremely pleased with you.
You were not hungry.
You had blades for hands.
You visited 1 branch of the dungeon, and saw 11 of its levels.
You also visited: Ossuary.

You collected 841 gold pieces.

Inventory:

Missiles
 a - 117 arrows
Armour
 b - a +0 robe
 i - a +1 pair of gloves (melded)
 j - a +2 robe of positive energy (worn)
 k - a +1 cloak
 A - a +1 hat (worn)
 C - a scarf of resistance (worn)
Jewellery
 g - a ring of flight (left scythe-like blade)
 x - a +4 amulet of reflection (around neck)
 y - the ring "Puluon" {Ice *Drain +Inv rElec rPois}
   (You acquired it on level 8 of the Dungeon)

   [ring of ice]

   It enhances your ice magic.
   It makes you vulnerable to fire.
   It protects you from cold.
   It insulates you from electricity.
   It protects you from poison.
   It lets you turn invisible.
   It causes draining when unequipped.
 B - an uncursed ring of fire
 D - an uncursed ring of attention
Wands
 m - a wand of paralysis (10)
 p - a wand of acid (1)
 s - a wand of flame (25)
 G - a wand of scattershot (3)
Scrolls
 c - 11 scrolls of identify
 f - 2 scrolls of fog
 h - 4 scrolls of remove curse
 r - a scroll of enchant weapon
 u - 3 scrolls of amnesia
 v - a scroll of magic mapping
 w - 2 scrolls of teleportation
Potions
 e - 3 potions of berserk rage
 l - 2 potions of heal wounds
 o - a potion of ambrosia
 q - 2 potions of curing
 t - a potion of haste
 z - a potion of agility
 E - 8 potions of degeneration
 F - a potion of might
Comestibles
 d - 16 rations
 H - 2 chunks of flesh


   Skills:
 - Level 1.1(6.1) Fighting
 - Level 12.4(17.4) Dodging
 + Level 14.8(19.8) Unarmed Combat
 - Level 3.0 Spellcasting
 - Level 11.1 Transmutations
 - Level 3.8 Ice Magic
 - Level 3.7 Poison Magic


You had 4 spell levels left.
You knew the following spells:

 Your Spells              Type           Power        Failure   Level  Hunger
a - Beastly Appendage     Tmut           #####.       9%          1    None
b - Spider Form           Tmut/Pois      ####......   24%         3    ###....
c - Blade Hands           Tmut           #####.....   32%         5    ######.
d - Ice Form              Ice/Tmut       ####....     41%         4    ####...

Your spell library contained the following spells:

 Spells                   Type           Power        Failure   Level  Hunger
 Sticks to Snakes         Tmut           #####...     10%         2    ##.....
 Animate Skeleton         Necr           N/A          58%         1    None
 Apportation              Tloc           #.....       58%         1    None
 Confusing Touch          Hex            #.....       58%         1    None
 Summon Small Mammal      Summ           #...         58%         1    None


Dungeon Overview and Level Annotations

Branches:
Dungeon (11/15)            Temple (0/1) D:5            Lair (0/6) D:11
    Orc (0/2) D:10

Altars:
Ashenzari
Dithmenos
Elyvilon
Fedhas
Gozag
Kikubaaqudgha
Makhleb
Okawaru
Sif Muna
Wu Jian
Xom
Yredelemnul
Zin

Shops:
D:10 (

Annotations:
D:11 Grum


Innate Abilities, Weirdness & Mutations

You revert to your normal form in water You are very nimble and swift while swimming.
You are very stealthy in the water. (Stealth+)
You have very sharp teeth.
You are resistant to electric shocks. (rElec)


Message History

The elephant closely misses you. The elephant barely misses you.
You feel much better.
Grum hits you from afar with a +0 spear!
* * * LOW HITPOINT WARNING * * *
The elephant tramples you but does no damage.
The elephant barely misses you.
You shred the elephant!!!
The elephant is heavily wounded.
Grum closely misses you. The elephant completely misses you.
The elephant closely misses you.
You slice the elephant!!
You bite the elephant, but do no damage.
The elephant is almost dead.
Grum sniffs the air and quickly glances around.
Grum misses you.
You barely miss the elephant.
You bite the elephant, but do no damage.
The elephant is almost dead.
The elephant tramples you!!
You die...

#..P..P.#
#....P..# #.....#
#.).# #...######
#...#....#
#..g#....#
#..JY....+
#.###@...#
#........#########
#................#
#........^.......#
#................#
#................#
#................#
#.............(..#
#................#


You could see an elephant, Grum and a jelly.

Vanquished Creatures
  Gastronok (D:8)
  Josephine (D:10)
  2 hydras (D:8)
  2 two-headed ogres
  Pikel (D:6)
  2 centaur zombies
  A troll (D:9)
  A hornet (D:8)
  A hippogriff (D:8)
  Grinder (D:3)
  2 dream sheep (D:8)
  Sigmund (D:2)
  10 yaks
  5 wraiths (D:10)
  Eustachio (D:6)
  A wyvern (D:8)
  A hungry ghost (D:8)
  A vampire mosquito (D:8)
  A water moccasin (D:9)
  3 ice beasts
  3 phantoms
  5 orc warriors
  2 sky beasts
  A slave (D:6)
  A swamp drake (D:10)
  A necrophage (D:9)
  4 ogres
  2 wolves (D:11)
  4 centaurs
  A crocodile (D:11)
  3 big kobolds (D:8)
  Blork the orc (D:4)
  5 bullfrogs
  8 killer bees (D:10)
  2 scorpions
  3 wights (D:6)
  An electric eel (D:7)
  6 howler monkeys
  2 crimson imps (D:6)
  A bullfrog zombie (D:6)
  5 jellies
  A quasit (D:5)
  7 hounds
  6 orc priests
  2 centaur skeletons
  Crazy Yiuf (D:6)
  6 iguanas
  17 orc wizards
  6 worker ants
  A killer bee zombie (D:10)
  A hound skeleton (D:8)
  8 mummies (Ossuary)
  A howler monkey zombie (D:7)
  4 gnolls (D:2)
  12 adders
  2 shadow imps
  2 adder zombies
  An adder skeleton (D:6)
  3 worms
  5 dart slugs
  48 orcs
  5 giant cockroaches
  5 goblins
  6 hobgoblins
  6 jackals
  3 quokkas
  7 bats
  6 frilled lizards
  2 gnoll zombies (Ossuary)
  3 hobgoblin zombies (Ossuary)
  A jackal skeleton (D:5)
  6 kobolds
  A kobold zombie (Ossuary)
  2 orc zombies (Ossuary)
  A quokka zombie (D:9)
  9 rats
  A fungus (D:2)
298 creatures vanquished.

Vanquished Creatures (others)
  A howler monkey zombie (D:6)
  An adder (D:6)
  2 fungi (D:11)
  3 toadstools (D:2)
7 creatures vanquished.

Grand Total: 305 creatures vanquished

Notes
Turn   | Place    | Note
-------+----------+-------------------------------------------
     0 | D:1      | Curus the Merfolk Transmuter began the quest for the Orb.
     0 | D:1      | Reached XP level 1. HP: 15/15 MP: 3/3
   259 | D:1      | Reached XP level 2. HP: 9/21 MP: 3/5
   261 | D:1      | Reached skill level 4 in Unarmed Combat
   426 | D:1      | Gained mutation: You are resistant to electric shocks.
                  | (rElec) [potion of mutation]
   426 | D:1      | Gained mutation: You have very sharp teeth. [potion of
                  | mutation]
   608 | D:1      | Reached XP level 3. HP: 19/26 MP: 6/6
   617 | D:1      | Learned a level 3 spell: Spider Form
   887 | D:2      | Found a basalt altar of Yredelemnul.
   914 | D:2      | Found a blossoming altar of Fedhas.
  1000 | D:2      | Reached skill level 1 in Poison Magic
  1008 | D:2      | Reached XP level 4. HP: 26/32 MP: 4/7
  1134 | D:2      | Found an iron altar of Okawaru.
  1143 | D:2      | Became a worshipper of Warmaster Okawaru
  1404 | D:2      | Noticed Sigmund
  1420 | D:2      | Killed Sigmund
  1420 | D:2      | Reached * piety under Okawaru
  1420 | D:2      | Reached skill level 5 in Transmutations
  1420 | D:2      | Reached XP level 5. HP: 37/37 MP: 2/8
  1420 | D:2      | Reached XP level 6. HP: 43/43 MP: 2/9
  1735 | D:3      | Found an ornate altar of the Wu Jian Council.
  1772 | D:3      | Noticed Grinder
  1787 | D:3      | Killed Grinder
  1787 | D:3      | Reached skill level 6 in Unarmed Combat
  1787 | D:3      | Reached XP level 7. HP: 33/48 MP: 7/10
  1851 | D:3      | Found a faded altar of an unknown god.
  1953 | D:3      | Found a shimmering altar of Xom.
  2224 | D:3      | Found a burning altar of Makhleb.
  2609 | D:4      | Found a shadowy altar of Dithmenos.
  2646 | D:4      | Reached ** piety under Okawaru
  2674 | D:4      | Reached skill level 7 in Unarmed Combat
  3061 | D:4      | Noticed Blork the orc
  3071 | D:4      | Killed Blork the orc
  3265 | D:4      | Reached skill level 8 in Unarmed Combat
  3428 | D:5      | Entered Level 5 of the Dungeon
  3489 | D:5      | Reached XP level 8. HP: 39/54 MP: 11/11
  3577 | D:5      | Reached skill level 9 in Unarmed Combat
  3980 | D:5      | Found a staircase to the Ecumenical Temple.
  4171 | D:5      | Reached *** piety under Okawaru
  4660 | D:6      | Reached skill level 10 in Unarmed Combat
  4689 | D:6      | Learned a level 5 spell: Blade Hands
  4698 | D:6      | Noticed Eustachio
  4706 | D:6      | Killed Eustachio
  4713 | D:6      | Noticed Pikel
  4729 | D:6      | Killed Pikel
  4729 | D:6      | Reached XP level 9. HP: 31/59 MP: 12/12
  5260 | D:6      | Reached skill level 10 in Transmutations
  5289 | D:6      | Found a runed translucent door.
  5290 | D:6      | Noticed Crazy Yiuf
  5414 | D:6      | Found a shattered altar of Ashenzari.
  5557 | D:6      | Found a white marble altar of Elyvilon.
  6019 | D:6      | Killed Crazy Yiuf
  6026 | D:6      | Learned a level 4 spell: Ice Form
  6098 | D:7      | Found a white marble altar of Elyvilon.
  6230 | D:7      | Reached skill level 1 in Ice Magic
  6334 | D:7      | Reached **** piety under Okawaru
  6373 | D:7      | Found an ancient bone altar of Kikubaaqudgha.
  6896 | D:7      | Found a deep blue altar of Sif Muna.
  6934 | D:7      | Identified Sif Muna's Almanac of Dislocation
  6991 | D:8      | Found a sand-covered staircase.
  7003 | Ossuary  | Entered an ossuary
  7380 | D:8      | Reached XP level 10. HP: 49/65 MP: 9/14
  7382 | D:8      | Reached skill level 5 in Dodging
  7385 | D:8      | Found Heerun's Elemental Accessories.
  7496 | D:8      | Noticed a four-headed hydra
  7502 | D:8      | Killed a four-headed hydra
  7502 | D:8      | Reached ***** piety under Okawaru
  7619 | D:8      | Reached skill level 10 in Dodging
  8074 | D:8      | Noticed a three-headed hydra
  8084 | D:8      | Killed a three-headed hydra
  8084 | D:8      | Reached XP level 11. HP: 12/70 MP: 9/15
  8616 | D:8      | Identified a scroll of acquirement
  8617 | D:8      | Got a steaming ivory ring
  8618 | D:8      | Identified the ring "Puluon" {Ice *Drain +Inv rElec rPois}
                  | (You acquired it on level 8 of the Dungeon)
  8701 | D:8      | Found an opulent altar of Gozag.
  8886 | D:8      | Noticed Gastronok
  8900 | D:8      | Killed Gastronok
  8900 | D:8      | Received a gift from Okawaru
  8900 | D:8      | Reached skill level 11 in Unarmed Combat
  9226 | D:9      | Reached skill level 12 in Unarmed Combat
  9238 | D:9      | Found a glowing silver altar of Zin.
  9539 | D:9      | Noticed a two-headed ogre
  9553 | D:9      | Killed a two-headed ogre
  9553 | D:9      | Received a gift from Okawaru
  9828 | D:9      | Reached skill level 13 in Unarmed Combat
  9949 | D:10     | Entered Level 10 of the Dungeon
 10318 | D:10     | Found a staircase to the Orcish Mines.
 10419 | D:10     | Noticed Josephine
 10426 | D:10     | Killed Josephine
 10426 | D:10     | Reached ****** piety under Okawaru
 10426 | D:10     | Reached skill level 14 in Unarmed Combat
 10426 | D:10     | Reached XP level 12. HP: 39/76 MP: 11/16
 10692 | D:10     | Found Lirraott's Weapon Shop.
 11167 | D:11     | Noticed a two-headed ogre
 11175 | D:11     | Killed a two-headed ogre
 11178 | D:11     | Found a staircase to the Lair.
 11212 | D:11     | Noticed Grum
 11228 | D:11     | HP: 3/76 [Grum/+0 spear (14)]
 11232 | D:11     | Mangled by an elephant

Skill      XL: |  1  2  3  4  5  6  7  8  9 10 11 |
---------------+----------------------------------+-----
Unarmed Combat | 4 6 8 10 14 | 14.8
Transmutations | 3 5 9 11 | 11.1
Poison Magic   | 1 3 |  3.7
Spellcasting   | 3 |  3.0
Ice Magic      | 3 |  3.8
Dodging        | 4 12 | 12.4
Fighting       | |  1.1

Action                   |  1- 3 |  4- 6 |  7- 9 | 10-12 || total
-------------------------+-------+-------+-------+-------++-------
Melee: Unarmed           |   114 |   121 |   490 |   506 ||  1231
       Headbutt          |     3 |     3 |    31 |    13 ||    50
       Punch             |     3 |     2 |    14 |    15 ||    34
       Bite              |     6 |     8 |    32 |    35 ||    81
       Tailslap          |       |       |     1 |     3 ||     4
 Cast: Beastly Appendage |     5 |     4 |    28 |    11 ||    48
       Spider Form       |     1 |     4 |    13 |     4 ||    22
       Ice Form          |       |       |     1 |    10 ||    11
       Blade Hands       |       |       |       |     8 ||     8
Invok: Heroism           |       |       |       |     2 ||     2
 Abil: End Transformatio |       |       |       |     1 ||     1
Evoke: Wand              |       |       |     6 |     5 ||    11
  Use: Scroll            |     3 |     1 |    11 |     4 ||    19
       Potion            |     1 |     5 |     4 |     2 ||    12
 Stab: Sleeping          |     1 |     1 |     3 |     1 ||     6
       Confused          |       |       |       |     1 ||     1
  Eat: Chunk             |       |     4 |    13 |    17 ||    34
       Ration            |       |       |     2 |     1 ||     3
Armor: Robe              |    21 |    10 |    69 |    61 ||   161
       Skin              |       |     2 |     7 |     8 ||    17
Dodge: Dodged            |    65 |    95 |   286 |   375 ||   821
Block: Other             |       |       |       |    42 ||    42
